 Dungeon Crawl Stone Soup version 0.30-a0-715-gdb4ae3ece1 (webtiles) character file.

Game seed: 17543857038586890609

66 flotson the Sneak (level 3, -9/29 HPs)
             Began as a Demonspawn Delver on Jan 24, 2023.
             Killed from afar by a white imp (11 damage)
             ... with a puff of frost
             ... on level 5 of the Dungeon.
             The game lasted 00:00:58 (350 turns).

flotson the Sneak (Demonspawn Delver)                Turns: 350, Time: 00:00:58

Health: -9/29      AC:  3    Str: 14    XL:     3   Next: 96%
Magic:  3/3        EV: 12    Int: 11    God:
Gold:   41         SH:  4    Dex: 14    Spells: 2/2 levels left

rFire   . . .      SeeInvis .    a - +0 quarterstaff
rCold   . . .      Faith    .    (shield currently unavailable)
rNeg    . . .      Spirit   .    h - +0 leather armour
rPois   .          Reflect  .    (helmet restricted)
rElec   .          Harm     .    (no cloak)
rCorr   .          Rampage  .    (no gloves)
Will    .....                    (no boots)
Stlth   +++                      (no amulet)
HPRegen 0.24/turn                (no ring)
MPRegen 0.08/turn                (no ring)

@: no status effects
A: antennae 1, large bone plates 1
a: no special abilities


You were on level 5 of the Dungeon.
You visited 1 branch of the dungeon, and saw 1 of its levels.

You collected 41 gold pieces.

Inventory:

Hand Weapons
 a - a +0 quarterstaff (weapon)
 b - a +0 arbalest
 k - a +0 hand axe
Armour
 h - a +0 leather armour (worn)
Wands
 g - a wand of digging (3)
Scrolls
 c - a scroll of fog
 d - a scroll of magic mapping
 e - a scroll of fear
 i - a scroll of enchant weapon {unknown}
 j - a scroll of blinking {unknown}
Potions
 f - a potion of flight {unknown}
 l - a potion of curing {unknown}


   Skills:
 + Level 3.3 Fighting
 + Level 2.2 Axes
 + Level 1.1 Armour
 + Level 2.2 Dodging
 + Level 4.8 Stealth
 + Level 1.2 Evocations


You had 2 spell levels left.
You didn't know any spells.
Your spell library was empty.

Dungeon Overview and Level Annotations

Branches:
Dungeon (5/15)
 Temple: D:4-7

Altars:
Wu Jian
Xom


Innate Abilities, Weirdness & Mutations

You have a pair of small antennae on your head.
You are partially covered in large bone plates. (SH +4)


Message History

The hound closely misses you. The hound bites you.
You hit the hound.
You kill the hound!
Your Armour skill increases to level 1!
Found 12 gold pieces and 7 stones.
b - a +0 arbalest (weapon)
An ice beast comes into view.
A white imp comes into view.
The white imp gestures at you. The puff of frost misses you.
You shoot a bolt. The bolt barely misses the white imp.
The white imp gestures at you. The puff of frost hits you!
You shoot a bolt. The bolt closely misses the white imp.
The white imp hits you. The white imp freezes you.
You shoot a bolt. The bolt hits the white imp!
The white imp is almost dead.
The white imp gestures at you. The puff of frost hits you.
The white imp closely misses you.
You are too injured to fight recklessly!
You are too injured to fight recklessly!
a - a +0 quarterstaff (weapon)
The white imp completely misses you.
You hit the white imp but do no damage.
The white imp is almost dead.
The white imp hits you. The white imp freezes you.
You hit the white imp but do no damage.
The white imp is almost dead.
The white imp hits you but does no damage.
You barely miss the white imp.
The white imp is almost dead.
You block the white imp's attack. The white imp hits you.
* * * LOW HITPOINT WARNING * * *
The white imp freezes you.
* * * LOW HITPOINT WARNING * * *
You completely miss the white imp.
The white imp is severely wounded.
The white imp gestures at you. The puff of frost hits you!
You die...

.........)...#######
. #...#.###....)..#
...#.#.#..##.#####.#
#..$.(..###.#####.#
.....#..............
#.. #....#...####.#
. #.........# #
.......##...####.#
.#.#.#..##....@5.#
#...#.# #.######...#
.(..... #.# ..#
#.....## #+# # ...
..


You could see a white imp.

Vanquished Creatures
  2 hounds (D:5)
  An orc (D:5)
  A quokka (D:5)
4 creatures vanquished.

Notes
Turn   | Place    | Note
-------+----------+-------------------------------------------
     0 | D:5      | flotson the Demonspawn Delver began the quest for the Orb.
     0 | D:5      | Reached XP level 1. HP: 18/18 MP: 1/1
   102 | D:5      | Noticed a hound
   114 | D:5      | Killed a hound
   115 | D:5      | Gained mutation: You have a pair of small antennae on your
                  | head. [demonic ancestry]
   115 | D:5      | Reached XP level 2. HP: 23/24 MP: 2/2
   115 | D:5      | Gained mutation: You are partially covered in large bone
                  | plates. (SH +4) [demonic ancestry]
   115 | D:5      | Reached XP level 3. HP: 28/29 MP: 3/3
   252 | D:5      | Found an ornate altar of the Wu Jian Council.
   255 | D:5      | Found a shimmering altar of Xom.
   274 | D:5      | Reached skill level 1 in Evocations
   291 | D:5      | Reached skill level 1 in Armour
   333 | D:5      | Noticed an ice beast
   350 | D:5      | Killed from afar by a white imp

Illustrated notes

Levels and vault maps discovered:
D:5:      nicolae_cairo_tiling_large_dashed, layout_loops_corners,
          nicolae_gozag_seed_capital, minmay_overflow_temple_star_quad,
          serial_rivers, chequers_serial_rivers_micro_e,
          chequers_serial_rivers_large_b, chequers_serial_rivers_micro_c,
          chequers_serial_rivers_room_b, roderic_lattice_a,
          nicolae_shop_unique_rings, grunt_ministairs_10

Skill      XL: |  1  2  3 |
---------------+----------+-----
Axes           | 2 |  2.2
Dodging        | 2 |  2.2
Evocations     | 1 |  1.2
Armour         | 1 |  1.1
Fighting       | |  3.3
Stealth        | |  4.8

Action                     || total
---------------------------++-------
  Melee: Hand axe          ||     6
         Quarterstaff      ||    11
   Fire: Arbalest          ||     6
    Use: Potion            ||     1
   Stab: Sleeping          ||     1
 Armour: Leather armour    ||     3
  Dodge: Dodged            ||    15
  Block: Other             ||     1

Table legend: (Time is in decaauts)
 A = Elapsed time spent in this place.
 B = Non-inter-level travel time spent in this place.
 C = Inter-level travel time spent in this place.
 D = Time resting spent in this place.
 E = Time spent auto-exploring this place.
 F = Levels seen in this place.
 G = Mean time per level.
                   A        B        C        D        E       F      G
               +--------+--------+--------+--------+--------+-----+--------+
         Total |    367 |    367 |      0 |      0 |    282 |   1 |  367.0 |
       Dungeon |    367 |    367 |      0 |      0 |    282 |   1 |  367.0 |
               +--------+--------+--------+--------+--------+-----+--------+

Top non-repeatable levels by time:
     D:5: 367 daAuts
